[Event "Cesenatico Open 2019"]
[Site "Cesenatico"]
[Date "2019.09.07"]
[Round "8"]
[White "Damia, Angelo"]
[Black "Loiacono, Leonardo"]
[Result "1/2-1/2"]
[ECO "C45"]
[WhiteElo "2240"]
[BlackElo "2293"]
[Annotator "ChessBase"]
[PlyCount "67"]
[EventDate "2019.09.01"]
[EventType "swiss"]
[EventCountry "ITA"]
[SourceTitle "playchess.com"]
[Source "ChessBase"]
[SourceQuality "1"]
[TimeControl "40/6000:900"]

1. e4 e5 2. Nf3 Nc6 3. d4 exd4 4. Nxd4 Nf6 5. Nxc6 bxc6 6. e5 Qe7 7. Qe2 Nd5 8. c4 Ba6 9. b3 Qh4 10. a3 Nf4 11. Qe4 Ng6 12. Qxh4 Nxh4 13. Nd2 c5 14. g3 Nf5 15. Bd3 Nd4 16. Bb2 Bb7 17. O-O Nf3+ 18. Nxf3 Bxf3 19. Rfe1 Rb8 20. Bc2 h5 21. h3 Rg8 22. Re3 Bc6 23. h4 g6 24. f4 Kd8 25. Rd1 Kc8 26. Bc3 d6 27. Kf2 dxe5 28. Bxe5 Kb7 29. Re2 Re8 30. Red2 Bg7 31. Bxg7 Rxg7 32. Rd8 Rxd8 33. Rxd8 f5 34. Bd1 1/2-1/2

[Event "Cesenatico Open 2019"]
[Site "Cesenatico"]
[Date "2019.09.07"]
[Round "8"]
[White "Di Trapani, Davide"]
[Black "Djuric, Stefan"]
[Result "1/2-1/2"]
[ECO "B07"]
[WhiteElo "2181"]
[BlackElo "2358"]
[Annotator "ChessBase"]
[PlyCount "32"]
[EventDate "2019.09.01"]
[EventType "swiss"]
[EventCountry "ITA"]
[SourceTitle "playchess.com"]
[Source "ChessBase"]
[SourceQuality "1"]
[TimeControl "40/6000:900"]

1. e4 d6 2. d4 Nf6 3. Nc3 g6 4. Bg5 Bg7 5. Qd2 h6 6. Bh4 g5 7. Bg3 Nh5 8. O-O-O Nc6 9. Qe3 Bd7 10. Be2 Nxg3 11. hxg3 e5 12. d5 Nd4 13. Bh5 c5 14. f4 exf4 15. gxf4 gxf4 16. Qxf4 Qg5 1/2-1/2

[Event "Cesenatico Open 2019"]
[Site "Cesenatico"]
[Date "2019.09.07"]
[Round "8"]
[White "Schaefer, Michael"]
[Black "Dragojlovic, Andjelko"]
[Result "0-1"]
[ECO "A34"]
[WhiteElo "2181"]
[BlackElo "2293"]
[Annotator "ChessBase"]
[PlyCount "102"]
[EventDate "2019.09.01"]
[EventType "swiss"]
[EventCountry "ITA"]
[SourceTitle "playchess.com"]
[Source "ChessBase"]
[SourceQuality "1"]
[TimeControl "40/6000:900"]

1. c4 Nf6 2. Nf3 g6 3. Nc3 c5 4. g3 Bg7 5. Bg2 O-O 6. O-O d5 7. cxd5 Nxd5 8. Ng5 Nc7 9. d3 Nc6 10. Bxc6 bxc6 11. Qa4 Bd7 12. Qh4 h6 13. Nge4 g5 14. Qh5 Ne6 15. h4 f5 16. hxg5 fxe4 17. gxh6 Bxc3 18. Qg6+ Bg7 19. hxg7 Rf6 20. Qxe4 Nd4 21. Qh4 Kxg7 22. Kg2 Bf5 23. e4 Nf3 24. Qh5 Bg6 25. Qh6+ Kf7 26. Qe3 Qd4 27. Qxd4 Nxd4 28. f3 e5 29. Bg5 Rd6 30. Rac1 Ne6 31. Be3 Rxd3 32. Bxc5 a5 33. Bg1 Ra6 34. Rc4 Ke7 35. b3 Kd6 36. f4 Nd4 37. f5 Bh5 38. Bxd4 exd4 39. Re1 Rd2+ 40. Kh3 Be2 41. g4 Ke5 42. Rc5+ Kxe4 43. f6 Ra8 44. Kg3 d3 45. g5 Rd1 46. Kf2 Rxe1 47. Kxe1 Bh5 48. Rxc6 Bg6 49. Rc5 Rh8 50. Rc7 Rh1+ 51. Kd2 Rh2+ 0-1

[Event "Cesenatico Open 2019"]
[Site "Cesenatico"]
[Date "2019.09.07"]
[Round "8"]
[White "Dobboletta, Alex"]
[Black "Stromboli, Carlo"]
[Result "1/2-1/2"]
[ECO "E14"]
[WhiteElo "2176"]
[BlackElo "2270"]
[Annotator "ChessBase"]
[PlyCount "96"]
[EventDate "2019.09.01"]
[EventType "swiss"]
[EventCountry "ITA"]
[SourceTitle "playchess.com"]
[Source "ChessBase"]
[SourceQuality "1"]
[TimeControl "40/6000:900"]

1. d4 Nf6 2. Nf3 e6 3. e3 d5 4. c4 a6 5. b3 b6 6. Bd3 Nbd7 7. O-O Bb7 8. Nc3 Bd6 9. Bb2 O-O 10. Rc1 Ne4 11. Ne2 Qf6 12. Qc2 Qh6 13. h3 f5 14. Ne5 Ndf6 15. Nf4 Rae8 16. f3 g5 17. Ne2 g4 18. Nf4 Ng3 19. Rf2 Nfh5 20. fxg4 Bxe5 21. Nxh5 Nxh5 22. gxh5 dxc4 23. bxc4 Bg3 24. Re2 Qxh5 25. Rf1 Be4 26. Ba3 Rf7 27. Bxe4 fxe4 28. Rxf7 Kxf7 29. Rd2 Qf5 30. Rd1 Kg8 31. Rf1 Bh2+ 32. Kxh2 Qxf1 33. Qxe4 Qf5 34. Qc6 Qf7 35. Bb2 e5 36. dxe5 Qe6 37. Qe4 b5 38. c5 Re7 39. a3 Qg6 40. Qd5+ Qe6 41. Qd8+ Kf7 42. Bd4 Qc6 43. Qh8 Qg6 44. Qa8 Qe6 45. Qh8 Kg6 46. Qa8 Kf7 47. Qh8 Qg6 48. Qa8 Qe6 1/2-1/2

[Event "Cesenatico Open 2019"]
[Site "Cesenatico"]
[Date "2019.09.07"]
[Round "8"]
[White "Voltolini, Giuseppe"]
[Black "Medici, Simone"]
[Result "1/2-1/2"]
[ECO "E01"]
[WhiteElo "2115"]
[BlackElo "2201"]
[Annotator "ChessBase"]
[PlyCount "44"]
[EventDate "2019.09.01"]
[EventType "swiss"]
[EventCountry "ITA"]
[SourceTitle "playchess.com"]
[Source "ChessBase"]
[SourceQuality "1"]
[TimeControl "40/6000:900"]

1. d4 d5 2. c4 e6 3. Nf3 Nf6 4. g3 Nbd7 5. Bg2 c6 6. b3 Bd6 7. Bb2 Qe7 8. Nbd2 e5 9. cxd5 Nxd5 10. dxe5 Nxe5 11. O-O O-O 12. Nxe5 Bxe5 13. Bxe5 Qxe5 14. Nc4 Qg5 15. Bxd5 cxd5 16. Ne3 Bh3 17. Re1 Rad8 18. Qd4 Rfe8 19. Rad1 h5 20. f4 Qg6 21. Nxd5 Rd7 22. e4 Kh8 1/2-1/2

[Event "Cesenatico Open 2019"]
[Site "Cesenatico"]
[Date "2019.09.07"]
[Round "8"]
[White "Paleologu, Vladimir"]
[Black "Dittmar, Peter"]
[Result "0-1"]
[ECO "B13"]
[WhiteElo "2105"]
[BlackElo "2259"]
[Annotator "ChessBase"]
[PlyCount "98"]
[EventDate "2019.09.01"]
[EventType "swiss"]
[EventCountry "ITA"]
[SourceTitle "playchess.com"]
[Source "ChessBase"]
[SourceQuality "1"]
[TimeControl "40/6000:900"]

1. e4 c6 2. d4 d5 3. exd5 cxd5 4. Bd3 Nc6 5. c3 Qc7 6. Ne2 Bg4 7. O-O e6 8. Nd2 Bd6 9. h3 Bh5 10. b4 Nf6 11. a4 O-O 12. Ba3 Rac8 13. b5 Bxa3 14. Rxa3 Na5 15. f4 Bg6 16. f5 Bxf5 17. Bxf5 exf5 18. Rxf5 Rfe8 19. Ra1 Ne4 20. Nxe4 Rxe4 21. Rf3 Nc4 22. Qc2 Rce8 23. Ng3 R4e6 24. Qd3 Re3 25. Qf5 Rxf3 26. Qxf3 Re3 27. Qxd5 Rxg3 28. Re1 g6 29. Re8+ Kg7 30. Qc5 Qxc5 31. dxc5 Rxc3 32. Ra8 Nb2 33. Rxa7 Rxc5 34. b6 Nxa4 35. Rxa4 Rb5 36. Kh2 Rxb6 37. Kg3 f5 38. Rd4 Kf6 39. h4 h6 40. Rd3 Re6 41. Rd7 b6 42. Rh7 Re7 43. Rh8 Rb7 44. h5 Kg7 45. Rc8 b5 46. Kf4 b4 47. Rc2 b3 48. Rb2 Rb4+ 49. Ke5 Rb5+ 0-1

[Event "Cesenatico Open 2019"]
[Site "Cesenatico"]
[Date "2019.09.07"]
[Round "8"]
[White "Guerini, Silvia jr"]
[Black "Mrdja, Milan"]
[Result "0-1"]
[ECO "B85"]
[WhiteElo "1974"]
[BlackElo "2279"]
[Annotator "ChessBase"]
[PlyCount "132"]
[EventDate "2019.09.01"]
[EventType "swiss"]
[EventCountry "ITA"]
[SourceTitle "playchess.com"]
[Source "ChessBase"]
[SourceQuality "1"]
[TimeControl "40/6000:900"]

1. e4 c5 2. Nf3 d6 3. d4 cxd4 4. Nxd4 Nf6 5. Nc3 e6 6. Be2 Be7 7. O-O O-O 8. Be3 a6 9. f4 Nbd7 10. Qe1 Qc7 11. Kh1 Kh8 12. Qg3 g6 13. Rae1 b5 14. a3 Bb7 15. Bd3 Nc5 16. Bd2 Rac8 17. Nf3 Nxd3 18. cxd3 Qd7 19. Ng5 Nh5 20. Qh3 f5 21. exf5 exf5 22. Re2 Bf6 23. Rfe1 Rfe8 24. d4 Rxe2 25. Rxe2 Re8 26. Qd3 Kg8 27. Rxe8+ Qxe8 28. d5 Ng7 29. h3 h6 30. Nf3 Qf7 31. Nd4 Bxd5 32. Nxf5 Bxg2+ 33. Kxg2 Nxf5 34. b4 Qb3 35. Qd5+ Qxd5+ 36. Nxd5 Bd8 37. Bc3 Kf7 38. Kf3 Ke6 39. Ke4 Ng3+ 40. Kd4 Nf5+ 41. Ke4 Ne7 42. Ne3 Bb6 43. Ng2 Nf5 44. Ne1 d5+ 45. Kd3 Nd6 46. Bg7 Nf5 47. Bc3 Be3 48. Bd2 Bd4 49. Bc3 Bb6 50. Nf3 Bf2 51. Be1 Bxe1 52. Nxe1 Nd6 53. Nf3 Nc4 54. Nd4+ Kf6 55. Nc2 Kf5 56. Kd4 Kxf4 57. Kxd5 Ne3+ 58. Nxe3 Kxe3 59. Kc5 g5 60. Kb6 h5 61. Kxa6 g4 62. hxg4 hxg4 63. Kxb5 g3 64. a4 g2 65. a5 g1=Q 66. a6 Kd3 0-1

[Event "Cesenatico Open 2019"]
[Site "Cesenatico"]
[Date "2019.09.09"]
[Round "9"]
[White "Dragojlovic, Andjelko"]
[Black "Dobboletta, Alex"]
[Result "1-0"]
[ECO "B53"]
[WhiteElo "2293"]
[BlackElo "2176"]
[Annotator "ChessBase"]
[PlyCount "63"]
[EventDate "2019.09.01"]
[EventType "swiss"]
[EventCountry "ITA"]
[SourceTitle "playchess.com"]
[Source "ChessBase"]
[SourceQuality "1"]
[TimeControl "40/6000:900"]

1. e4 c5 2. Nf3 d6 3. d4 cxd4 4. Qxd4 Nc6 5. Bb5 Bd7 6. Bxc6 Bxc6 7. Nc3 e6 8. Bg5 Nf6 9. O-O-O Be7 10. Rhe1 Qb6 11. Qxb6 axb6 12. a3 h6 13. Bh4 Rd8 14. Nd4 d5 15. e5 Nd7 16. Bxe7 Kxe7 17. f4 g6 18. b4 b5 19. a4 Nb6 20. a5 Nc4 21. Rd3 h5 22. Ncxb5 Bxb5 23. Nxb5 Ra8 24. Na3 Nxa3 25. Rxa3 b6 26. Ree3 bxa5 27. bxa5 Rhc8 28. Reb3 Rc7 29. a6 Kd7 30. Kd2 Rca7 31. Rb6 Kc7 32. Rd6 1-0

[Event "Cesenatico Open 2019"]
[Site "Cesenatico"]
[Date "2019.09.09"]
[Round "9"]
[White "Dittmar, Peter"]
[Black "Voltolini, Giuseppe"]
[Result "1-0"]
[ECO "D36"]
[WhiteElo "2259"]
[BlackElo "2115"]
[Annotator "ChessBase"]
[PlyCount "137"]
[EventDate "2019.09.01"]
[EventType "swiss"]
[EventCountry "ITA"]
[SourceTitle "playchess.com"]
[Source "ChessBase"]
[SourceQuality "1"]
[TimeControl "40/6000:900"]

1. d4 Nf6 2. c4 e6 3. Nc3 d5 4. cxd5 exd5 5. Bg5 Be7 6. e3 c6 7. Qc2 Nbd7 8. Bd3 O-O 9. Nf3 Re8 10. O-O Nf8 11. h3 Nh5 12. Bxe7 Qxe7 13. Rab1 a5 14. a3 Nf6 15. b4 axb4 16. axb4 N8d7 17. b5 c5 18. dxc5 Nxc5 19. Rfd1 Be6 20. Nd4 Rec8 21. Qb2 Nxd3 22. Rxd3 Qc5 23. Nce2 h6 24. Rc3 Qb6 25. Rxc8+ Rxc8 26. Rc1 Rc5 27. Ra1 Rc8 28. Qa3 Ne4 29. Nf4 Qd6 30. Qxd6 Nxd6 31. Nfxe6 fxe6 32. Nxe6 Nxb5 33. Rb1 Nd6 34. Rd1 Ne4 35. Rxd5 Rc6 36. Nd8 Rc1+ 37. Kh2 Nxf2 38. Nxb7 Ne4 39. Rd4 Nf6 40. Nd6 Kf8 41. Rc4 Rxc4 42. Nxc4 Ke7 43. Kg3 Ke6 44. Kf4 g5+ 45. Kf3 Kd5 46. Nd2 Ke5 47. g4 Kd5 48. Nf1 Ke6 49. Ng3 Ke5 50. Ke2 Nd5 51. Kf3 Nf6 52. Nf1 Kd5 53. Nd2 Ke5 54. Ke2 Nd5 55. Nc4+ Ke6 56. Kf3 Nf6 57. e4 Nd7 58. Ke3 Nf6 59. Nd2 Nd7 60. Nf3 Nf6 61. Kd4 Nd7 62. e5 Nf8 63. Ke4 Ng6 64. Nd4+ Kf7 65. Kd5 Nf4+ 66. Kd6 Nxh3 67. e6+ Ke8 68. Nf5 Nf2 69. Ng7+ 1-0

[Event "Cesenatico Open 2019"]
[Site "Cesenatico"]
[Date "2019.09.09"]
[Round "9"]
[White "Medici, Simone"]
[Black "Stromboli, Carlo"]
[Result "1-0"]
[ECO "D37"]
[WhiteElo "2201"]
[BlackElo "2270"]
[Annotator "ChessBase"]
[PlyCount "87"]
[EventDate "2019.09.01"]
[EventType "swiss"]
[EventCountry "ITA"]
[SourceTitle "playchess.com"]
[Source "ChessBase"]
[SourceQuality "1"]
[TimeControl "40/6000:900"]

1. d4 Nf6 2. c4 e6 3. Nf3 d5 4. Nc3 a6 5. cxd5 exd5 6. Bf4 Bd6 7. Bg3 O-O 8. e3 c5 9. Bxd6 Qxd6 10. dxc5 Qxc5 11. Qd4 Qa5 12. Be2 Nc6 13. Qd2 Rd8 14. Nd4 Bg4 15. Bxg4 Nxg4 16. Rd1 Qc7 17. Qe2 Nf6 18. O-O Ne5 19. h3 Rac8 20. Nf5 Kf8 21. Qd2 Qd7 22. Ng3 Kg8 23. b3 Qc7 24. Rc1 Qd7 25. Rfd1 Rc6 26. Qd4 Qe6 27. e4 Rcd6 28. exd5 Nc6 29. Qb6 Nxd5 30. Nxd5 Rxd5 31. Rxd5 Rxd5 32. Qxb7 Nd8 33. Qa8 g6 34. Rc8 Qd6 35. Qb8 Rd1+ 36. Kh2 Qd4 37. Ne2 Qd7 38. Nc3 Rd4 39. Ne4 Kf8 40. Nc5 Qd6+ 41. Qxd6+ Rxd6 42. Nb7 Rb6 43. Nxd8 Ke7 44. Rc6 1-0

[Event "Cesenatico Open 2019"]
[Site "Cesenatico"]
[Date "2019.09.09"]
[Round "9"]
[White "Marzano, Carlo"]
[Black "Kacani, Kirk"]
[Result "0-1"]
[ECO "E11"]
[WhiteElo "2109"]
[BlackElo "2091"]
[Annotator "ChessBase"]
[PlyCount "130"]
[EventDate "2019.09.01"]
[EventType "swiss"]
[EventCountry "ITA"]
[SourceTitle "playchess.com"]
[Source "ChessBase"]
[SourceQuality "1"]
[TimeControl "40/6000:900"]

1. d4 Nf6 2. c4 e6 3. Nf3 Bb4+ 4. Nbd2 d5 5. Qa4+ Nc6 6. a3 Bxd2+ 7. Bxd2 O-O 8. Bf4 Qe7 9. e3 Rd8 10. Be2 h6 11. h3 Bd7 12. Qc2 Rac8 13. O-O dxc4 14. Qxc4 Nd5 15. Bg3 Na5 16. Qa2 Ba4 17. b4 Nb3 18. Rae1 Nc3 19. Qb2 Nxe2+ 20. Qxe2 a5 21. Qc4 Qd7 22. Rb1 Qd5 23. Qxd5 Rxd5 24. Rb2 axb4 25. axb4 Rb5 26. Rfb1 Rxb4 27. Nd2 Nxd2 28. Rxb4 Nxb1 29. Rxa4 Nc3 30. Rb4 Ne2+ 31. Kf1 Nxg3+ 32. fxg3 Ra8 33. Ke2 b6 34. Kd3 Kf8 35. Kc4 Ke7 36. Rb2 Ra3 37. Re2 Kd6 38. g4 c6 39. Kb4 Ra1 40. Kc4 b5+ 41. Kc3 Ra3+ 42. Kb2 Ra4 43. Rc2 Rb4+ 44. Ka3 Rb1 45. Re2 Kd5 46. Ka2 Rb4 47. Ka3 Rc4 48. Kb3 Ke4 49. Re1 Ra4 50. Rc1 Kxe3 51. Rxc6 Rxd4 52. Rc5 Kf2 53. Rxb5 Kxg2 54. Kc3 Rf4 55. g5 Kxh3 56. g6 fxg6 57. Rb7 g5 58. Rxg7 Kg4 59. Rg6 h5 60. Rxe6 h4 61. Kd2 Kg3 62. Ke1 g4 63. Rh6 h3 64. Ke2 h2 65. Ke3 Rf8 0-1

[Event "Cesenatico Open 2019"]
[Site "Cesenatico"]
[Date "2019.09.09"]
[Round "9"]
[White "Bonassi, Tommaso"]
[Black "Loiacono, Antonio"]
[Result "0-1"]
[ECO "B10"]
[WhiteElo "2101"]
[BlackElo "2282"]
[Annotator "ChessBase"]
[PlyCount "62"]
[EventDate "2019.09.01"]
[EventType "swiss"]
[EventCountry "ITA"]
[SourceTitle "playchess.com"]
[Source "ChessBase"]
[SourceQuality "1"]
[TimeControl "40/6000:900"]

1. e4 c6 2. d3 d5 3. Nd2 g6 4. Ngf3 Bg7 5. g3 b6 6. Qe2 dxe4 7. dxe4 Ba6 8. Nc4 Qc8 9. Bg2 Qe6 10. Nfd2 Nh6 11. h4 O-O 12. Bh3 f5 13. e5 c5 14. f4 Nc6 15. c3 Rad8 16. b3 Rd7 17. Bg2 Na5 18. Nf3 Nf7 19. h5 Nxc4 20. bxc4 Bxc4 21. Qf2 Rfd8 22. Be3 Bxe5 23. fxe5 Nxe5 24. Nxe5 Qxe5 25. Qf4 Qxc3+ 26. Kf2 Qb2+ 27. Kg1 Qxa1+ 28. Kh2 Qxa2 29. Qe5 Qe2 30. h6 Qh5+ 31. Kg1 Rd1+ 0-1